 Dungeon Crawl Stone Soup version 0.18.1-48-g4cf74bf (webtiles) character file.

643 Alarkh the Shooter (level 7, 0/50 HPs)
             Began as a Mummy Hunter on Aug 13, 2016.
             Was a Believer of Trog.
             Slain by a centaur
             ... wielding a cursed -3 shortbow
              (9 damage)
             ... on level 5 of the Dungeon.
             The game lasted 00:07:02 (5206 turns).

Alarkh the Shooter (Mummy Hunter)                   Turns: 5206, Time: 00:07:04

Health: 0/50       AC:  4    Str: 16    XL:     7   Next: 26%
Magic:  7/7        EV: 11    Int: 12    God:    Trog [**....]
Gold:   197        SH:  0    Dex: 12    Spells: 0 memorised, 6 levels left

rFire  x . .     SeeInvis .     b - +2 dagger (venom)
rCold  + . .     Gourm    .     c - +0 leather armour
rNeg   + + +     Faith    .     (no shield)
rPois  ∞         Spirit   .     (no helmet)
rElec  .         Dismiss  .     v - +0 cloak
rCorr  .         Reflect  .     (no gloves)
SustAt +         Harm     .     (no boots)
MR     .....                    (no amulet)
Stlth  +.........               (no ring)
                                f - ring of sustain attributes

@: not resistant to hostile enchantments, very unstealthy
A: no food or potions, fire vulnerability, cold resistance 1, negative energy
resistance 3, torment resistance, unbreathing
a: Trog's Hand, Burn Spellbooks, Renounce Religion


You were on level 5 of the Dungeon.
You worshipped Trog.
Trog was pleased with you.
You were not hungry.

You visited 1 branch of the dungeon, and saw 5 of its levels.

You collected 197 gold pieces.

Inventory:

Hand Weapons
 a - a +1 shortbow
 b - a +2 dagger of venom (weapon)
 n - a +0 short sword
Missiles
 d - 77 arrows
 q - a throwing net (quivered)
Armour
 c - a +0 leather armour (worn)
 u - a +2 buckler
 v - a +0 cloak (worn)
Jewellery
 f - a ring of sustain attributes (left hand)
Wands
 s - a wand of slowing (30/48)
 t - a wand of flame (24/48)
Scrolls
 e - a scroll of identify
 g - a scroll of enchant armour
 h - a scroll of fog
 i - a scroll of teleportation
 j - 3 scrolls of remove curse
 k - 2 scrolls of recharging
 l - 3 scrolls of enchant weapon
 m - a scroll of random uselessness
 o - a scroll of magic mapping
 p - 2 scrolls of noise
 r - a scroll of immolation {unknown}
Books
 w - a book of Envenomations

   Spells                             Type                      Level
   a - Spider Form                    Transmutation/Poison         3
   b - Olgreb's Toxic Radiance        Poison                       4
   c - Alistair's Intoxication        Transmutation/Poison         5
   d - Poisonous Cloud                Conjuration/Poison/Air       6
   Trog disapproves of the use of such an item.
 x - a book of Flames

   Spells                             Type                      Level
   a - Flame Tongue                   Conjuration/Fire             1
   b - Throw Flame                    Conjuration/Fire             2
   c - Conjure Flame                  Conjuration/Fire             3
   d - Inner Flame                    Hexes/Fire                   3
   e - Sticky Flame                   Conjuration/Fire             4
   f - Fireball                       Conjuration/Fire             5
   Trog disapproves of the use of such an item.


   Skills:
 - Level 2.0 Fighting
 + Level 7.4 Bows
 - Level 1.5 Dodging
 - Level 0.7 Stealth


You had 6 spell levels left.
You didn't know any spells.

Dungeon Overview and Level Annotations

Branches:
Dungeon (5/15)
 Temple: D:4-7

Altars:
Ashenzari
Gozag
Kikubaaqudgha
Pakellas
Qazlal
Sif Muna
Trog
Vehumet

Shops:
D:4 [   D:5 =


Innate Abilities, Weirdness & Mutations

You do not eat or drink.
Your flesh is vulnerable to fire.
You are immune to poison.
Your flesh is cold resistant.
You are immune to negative energy.
You are immune to unholy pain and torment.
You can survive without breathing.


Message History

You closely miss the centaur. The centaur closely misses you.
The centaur hits you with a shortbow.
You hit the centaur but do no damage.
The centaur is poisoned.
The centaur hits you with a shortbow.
You are too injured to fight recklessly!
You are too injured to fight recklessly!
You hit the centaur.
The centaur looks even sicker.
The centaur is lightly wounded.
The centaur completely misses you.
You hit the centaur but do no damage.
The centaur is lightly wounded.
The centaur closely misses you. The centaur hits you with a shortbow.
You hit the centaur.
The centaur is heavily wounded.
The centaur hits you with a shortbow!
* * * LOW HITPOINT WARNING * * *
You hit the centaur but do no damage.
The centaur is heavily wounded.
The centaur hits you with a shortbow!
You die...

######..∩.......#
#####..............#
####.....#####........##
#....##### #..........#
........## #.....)....#
...%....<####..........#
)..!......##(..........########
...........(.(............#...##
................@c.............##
................................#
....................#...........#
....................#...........#
........<#.....>....##........>#
.......[...........####.......#
..######............# ###..####
..######.#..........###....#
...).....#..........##..##.#


You could see a centaur.

Vanquished Creatures
  An ogre (D:5)
  2 giant frogs (D:5)
  A scorpion (D:5)
  2 crimson imps (D:5)
  An orc priest (D:4)
  A centaur skeleton (D:5)
  A hound (D:4)
  An iguana (D:5)
  Terence (D:2)
  4 gnolls (D:3)
  A howler monkey skeleton (D:4)
  5 adders
  A worm (D:2)
  4 giant geckos
  9 orcs
  8 bats
  3 giant cockroaches
  11 goblins
  5 hobgoblins
  4 jackals
  11 kobolds
  3 quokkas
  2 ball pythons
  4 giant newts
  8 rats
  A plant (D:1)
95 creatures vanquished.

Notes
Turn   | Place    | Note
--------------------------------------------------------------
     0 | D:1      | Alarkh the Mummy Hunter began the quest for the Orb.
     0 | D:1      | Reached XP level 1. HP: 16/16 MP: 1/1
   145 | D:1      | Reached XP level 2. HP: 22/22 MP: 2/2
   739 | D:1      | Reached skill level 4 in Bows
   794 | D:2      | Found a faded altar to an unknown god.
   805 | D:2      | Became a worshipper of Trog the Wrathful
   805 | D:2      | Reached * piety under Trog
   808 | D:2      | Reached XP level 3. HP: 27/27 MP: 3/3
   816 | D:2      | Found a bloodstained altar of Trog.
   834 | D:2      | Found an oddly glowing altar of Pakellas.
   888 | D:2      | Noticed Terence
   900 | D:2      | Killed Terence
   950 | D:2      | Found a deep blue altar of Sif Muna.
  1482 | D:2      | Reached XP level 4. HP: 24/33 MP: 4/4
  1592 | D:2      | Found an opulent altar of Gozag.
  2247 | D:3      | Reached skill level 5 in Bows
  2629 | D:3      | Reached XP level 5. HP: 36/38 MP: 5/5
  2634 | D:3      | Reached ** piety under Trog
  2739 | D:3      | Found a stormy altar of Qazlal.
  2797 | D:3      | Found an ancient bone altar of Kikubaaqudgha.
  2801 | D:3      | Found a shattered altar of Ashenzari.
  2884 | D:3      | Found a radiant altar of Vehumet.
  3580 | D:4      | Found Ykenop's Armour Boutique.
  3782 | D:4      | Reached skill level 6 in Bows
  4236 | D:5      | Entered Level 5 of the Dungeon
  4246 | D:5      | Reached XP level 6. HP: 37/44 MP: 6/6
  4301 | D:5      | Found Paewneog's Jewellery Emporium.
  4479 | D:5      | Reached skill level 7 in Bows
  4479 | D:5      | Reached XP level 7. HP: 14/50 MP: 7/7
  4792 | D:5      | HP: 2/50 [crimson imp (4)]
  5206 | D:5      | Slain by a centaur

Skill      XL: |  1  2  3  4  5  6 |
---------------+-------------------+-----
Bows           | 4 5 6 7 |  7.4
Fighting       | |  2.0
Dodging        | |  1.5
Stealth        | |  0.7

Action                   |  1- 3 |  4- 6 |  7- 9 || total
-------------------------+-------+-------+-------++-------
Melee: Short sword       |    49 |       |       ||    49
       Dagger            |    22 |   201 |    66 ||   289
 Fire: Shortbow          |    62 |       |     3 ||    65
Invok: Trog's Hand       |       |     1 |     1 ||     2
  Use: Scroll            |     5 |     4 |       ||     9
 Stab: Sleeping          |     2 |     1 |       ||     3
Armor: Leather armour    |    11 |    47 |    19 ||    77
Dodge: Dodged            |    38 |   122 |    29 ||   189
Block: Buckler           |       |     4 |       ||     4
